 Dungeon Crawl Stone Soup version 0.29-a0-1061-gbc57f8fbdb (webtiles) character file.

Game seed: 8178899357391888853

3690 Masdoran the Covert (level 9, -7/39 HPs)
             Began as a Spriggan Enchanter on Aug 18, 2022.
             Was a Follower of Dithmenos.
             Mangled by a sun demon (10 damage)
             ... summoned by an orc sorcerer
             ... in a bailey.
             The game lasted 00:19:03 (8498 turns).

Masdoran the Covert (Spriggan Enchanter)            Turns: 8498, Time: 00:19:04

Health: -7/39      AC: 11    Str: 14    XL:     9   Next: 90%
Magic:  11/22      EV: 17    Int: 16    God:    Dithmenos [*.....]
Gold:   259        SH:  5    Dex: 16    Spells: 11/25 levels left

rFire   . . .      SeeInvis +   a - +2 dagger (freeze)
rCold   . . .      Faith    .   (no shield)
rNeg    + . .      Spirit   .   l - +5 robe of Privacy {rN+ Stlth+}
rPois   .          Reflect  +   (helmet restricted)
rElec   .          Harm     .   (no cloak)
rCorr   .          Rampage  .   (gloves unavailable)
Will    +....                   (boots unavailable)
Stlth   ++++++....              g - amulet of reflection
HPRegen 0.13/turn               i - +6 ring of strength
MPRegen 0.18/turn               m - +4 ring of protection

@: wreathed by umbra, invisible, very quick
A: very small, no large weapons, unfitting armour, see invisible, speed 3,
talons 1, mutation resistance 1
a: Renounce Religion


You were in a bailey.
You worshipped Dithmenos.
Dithmenos was aware of your devotion.
You visited 2 branches of the dungeon, and saw 8 of its levels.
You also visited: Bailey.

You collected 373 gold pieces.
You spent 114 gold pieces at shops.

Inventory:

Hand Weapons
 a - a +2 dagger of freezing (weapon)
Armour
 l - the +5 robe of Privacy (worn) {rN+ Stlth+}
   (You acquired it on level 4 of the Dungeon)

   rN:        It protects you from negative energy.
   Stlth:     It makes you more stealthy.
Jewellery
 f - the ring "Wilek" {rElec rC+ Str+2 Int+7 SInv}
   (You found it on level 5 of the Dungeon)

   [ring of see invisible]

   Str:       It affects your strength (+2).
   Int:       It affects your intelligence (+7).
   rC:        It protects you from cold.
   rElec:     It insulates you from electricity.
   SInv:      It lets you see invisible.
 g - an amulet of reflection (around neck)
 i - a +6 ring of strength (left hand)
 m - a +4 ring of protection (right hand)
 o - a ring of fire
Scrolls
 e - a scroll of immolation
 h - a scroll of enchant armour
 j - 4 scrolls of blinking
 k - 3 scrolls of teleportation
 p - a scroll of acquirement
 q - a scroll of noise {unknown}
Potions
 b - a potion of curing
 c - a potion of invisibility
 d - 4 potions of heal wounds
 n - 2 potions of lignification


   Skills:
 + Level 9.2 Short Blades
 - Level 2.6 Dodging
 - Level 9.8 Stealth
 - Level 8.9 Spellcasting
 - Level 9.3 Hexes


You had 11 spell levels left.
You knew the following spells:

 Your Spells              Type           Power      Damage    Failure   Level
a - Ensorcelled Hibernat  Hex/Ice        44%        N/A       2%          2
b - Tukima's Dance        Hex            37%        N/A       1%          3
c - Dazzling Flash        Conj/Hex       44%        N/A       4%          3
d - Confusing Touch       Hex            37%        N/A       1%          3
e - Summon Guardian Gole  Hex/Summ       22%        N/A       4%          3

Your spell library contained the following spells:

 Spells                   Type           Power      Damage    Failure   Level
 Beastly Appendage        Tmut           14%        N/A       11%         1
 Wereblood                Tmut           7%         N/A       16%         2
 Gell's Gravitas          Tloc           7%         N/A       30%         3
 Lesser Beckoning         Tloc           7%         N/A       30%         3
 Spider Form              Tmut/Pois      7%         N/A       30%         3
 Teleport Other           Tloc           7%         N/A       30%         3
 Yara's Violent Unravell  Hex/Tmut       11%        3d6       38%         5
 Iskenderun's Mystic Bla  Conj/Tloc      7%         2d4       71%         4
 Enfeeble                 Hex            18%        N/A       88%         7
 Dispersal                Tloc           3%         N/A       100%        6
 Starburst                Conj/Fire      3%         6d3       100%        6
 Orb of Destruction       Conj           3%         9d5       100%        7
 Spellforged Servitor     Conj/Summ      3%         N/A       100%        7


Dungeon Overview and Level Annotations

Branches:
Dungeon (7/15)             Temple (1/1) D:7          Bailey (1/1)

Altars:
Ashenzari
Cheibriados
Dithmenos
Fedhas
Gozag
Hepliaklqana
Kikubaaqudgha
Nemelex Xobeh
Okawaru
Ru
Sif Muna
Vehumet
Wu Jian
Yredelemnul
Zin

Shops:
D:5 *   D:7 *:*

Portals:
Abyss: D:3

Annotations:
D:3 2 transporters, vilexx's ghost, amateur OpTm
D:5 2 runed translucent doors, paps's ghost, weakling TrDe


Innate Abilities, Weirdness & Mutations

You are very small and have problems with some larger weapons.
You are too small for most types of armour.
You have supernaturally acute eyesight. (SInv)
You cover ground extremely quickly. (Speed+++)
You have sharp toenails.
You are somewhat resistant to further mutation.


Message History

Press: ? - help, Shift-Dir - straight line, f/p - orc sorcerer
Aim: an orc sorcerer, wielding a +0 war axe and wearing a +0 scale mail (umbra, chance to affect: 37%)
The orc sorcerer easily resists.
The orc sorcerer closely misses you. The orc closely misses you.
The kobold demonologist casts a spell.
You block the sun demon's attack. You block the red devil's attack.
Press: ? - help, v - describe, . - travel
Here: a red devil, wielding a +0 trident (summoned, unable to see you, umbra)
The floor.
Casting: Ensorcelled Hibernation (safe; 2% risk of failure)
Confirm with . or Enter, or press ? or * to list all spells.
Aiming: Ensorcelled Hibernation (safe; 2% risk of failure)
Press: ? - help, Shift-Dir - straight line, f - kobold demonologist, p - orc sorcerer
Aim: a kobold demonologist, wielding a +0 war axe and wearing a +0 ring mail (unable to see you, umbra, chance to affect: 37%)
The kobold demonologist looks drowsy...
The sun demon completely misses you.
The orc sorcerer casts a spell.
The orc warrior misses you. The orc closely misses you.
You block the red devil's attack. The hellwing misses you.
The hellwing hits you.
The helpless kobold demonologist fails to defend itself.
You stick the kobold demonologist like a pincushion!!!!
You freeze the kobold demonologist!
You kill the kobold demonologist!
Dithmenos accepts your kill.
The hellwing disappears in a puff of smoke!
The red devil disappears in a puff of smoke!
The hellwing disappears in a puff of smoke!
The orc sorcerer hits you but does no damage.
The orc warrior closely misses you. The orc closely misses you.
Your Short Blades skill increases to level 9!
Casting: Ensorcelled Hibernation (safe; 2% risk of failure)
Confirm with . or Enter, or press ? or * to list all spells.
Aiming: Ensorcelled Hibernation (safe; 2% risk of failure)
Press: ? - help, Shift-Dir - straight line, f - orc sorcerer
Aim: an orc sorcerer, wielding a +0 war axe and wearing a +0 scale mail (umbra, chance to affect: 37%)
The orc sorcerer easily resists.
The sun demon hits you!!
Ouch! That really hurt!
* * * LOW HITPOINT WARNING * * *
You are engulfed in flames!
You die...

#)...'.....#).)....#..).#≈≈≈≈≈
≈≈≈#....#.....).8.8)8.#....#≈≈≈≈≈
≈≈≈#.##############...######≈≈≈≈≈
≈≈≈~.#[ #!:+....#......#.~≈≈≈≈≈
≈≈≈~.# ??#....#......#.~≈≈≈≈.
≈≈≈~.# .#....#####''#.~≈≈≈≈.
≈≈≈~.#########...4##....)#.~≈≈≈≈.
≈≈≈~.#..8.8..#§o3o##....)'.......
≈≈≈~∩).......'._@.##..⌠.)'.......
≈≈≈~.#..8.8..#§o§)##.....'.......
≈≈≈~.#########....##.....#.~≈≈≈≈.
≈≈≈~.#..# .#..§.#####''#.~≈≈≈≈.
≈≈≈~.#..# ))#....#......#.~≈≈≈≈.
≈≈≈~.#..+ #))+....#......#.~≈≈≈≈≈
≈≈≈#.##############...######≈≈≈≈≈
≈≈≈#....#.....).8.8)8.#....#≈≈≈≈≈
≈≈≈#)...'....)#.......#....#≈≈≈≈≈


You could see a sun demon (summoned, unable to see you), a rust devil (summoned,
wandering, unable to see you), an orc sorcerer, an orc warrior (unable to see
you) and an orc (unable to see you).

Vanquished Creatures
  An orc knight (Bailey)
  A kobold demonologist (Bailey)
  Menkaure (D:4)
  2 water moccasins (D:7)
  Duvessa (D:5)
  10 orc warriors (Bailey)
  An ogre (D:5)
  A phantom (D:5)
  A bullfrog (D:6)
  A necrophage (D:6)
  2 scorpions
  Dowan (D:5)
  3 howler monkeys
  An electric eel (Bailey)
  3 jellies
  An orc priest (D:3)
  A gnoll bouda (D:5)
  2 hounds
  An iguana (D:7)
  4 orc wizards
  10 gnolls
  11 adders
  A white imp (D:4)
  2 worms
  3 dart slugs
  21 orcs
  7 endoplasms
  4 giant cockroaches
  19 goblins
  10 hobgoblins
  3 jackals (D:5)
  4 quokkas
  5 ball pythons
  7 bats
  2 frilled lizards
  5 kobolds
  2 rats
155 creatures vanquished.

Vanquished Creatures (collateral kills)
  2 orc warriors
  An ogre (D:6)
  A wight (D:7)
  2 orcs
6 creatures vanquished.

Vanquished Creatures (others)
  2 dancing weapons
2 creatures vanquished.

Grand Total: 163 creatures vanquished

Notes
Turn   | Place    | Note
-------+----------+-------------------------------------------
     0 | D:1      | Masdoran the Spriggan Enchanter began the quest for the
                  | Orb.
     0 | D:1      | Reached XP level 1. HP: 9/9 MP: 5/5
   443 | D:2      | Noticed an orc wizard
   594 | D:2      | Reached XP level 2. HP: 2/13 MP: 7/7
   597 | D:2      | Learned a level 2 spell: Ensorcelled Hibernation
   750 | D:2      | Reached XP level 3. HP: 10/16 MP: 1/9
   945 | D:1      | Learned a level 3 spell: Tukima's Dance
   949 | D:1      | Learned a level 3 spell: Confusing Touch
  1520 | D:2      | Reached XP level 4. HP: 21/21 MP: 11/11
  1581 | D:2      | Reached skill level 5 in Hexes
  1712 | D:2      | Found a faded altar of an unknown god.
  1981 | D:3      | Learned a level 3 spell: Dazzling Flash
  2028 | D:3      | Found a transporter.
  2427 | D:3      | Noticed vilexx's ghost (amateur OpTm)
  2459 | D:3      | Noticed a small abomination
  2474 | D:3      | Found a transporter.
  2481 | D:3      | Found a one-way gate to the infinite horrors of the Abyss.
  2482 | D:3      | Noticed a small abomination
  2601 | D:3      | You fall into a shaft and drop 1 floor!
  2615 | D:4      | Reached skill level 5 in Spellcasting
  2615 | D:4      | Reached XP level 5. HP: 24/24 MP: 9/13
  2640 | D:4      | Noticed Menkaure
  2768 | D:4      | Killed Menkaure
  2769 | D:4      | Reached XP level 6. HP: 5/28 MP: 10/15
  3237 | D:3      | Found an opulent altar of Gozag.
  3350 | D:3      | Reached skill level 5 in Stealth
  4146 | D:4      | Identified a scroll of acquirement
  4146 | D:4      | Acquired the +5 robe of Privacy {rN+ Stlth+}
  4382 | D:4      | Found a sparkling altar of Nemelex Xobeh.
  4431 | D:4      | Learned a level 3 spell: Summon Guardian Golem
  4531 | D:5      | Entered Level 5 of the Dungeon
  4531 | D:5      | Found a runed translucent door.
  4560 | D:5      | Noticed paps's ghost (weakling TrDe)
  4569 | D:5      | Reached XP level 7. HP: 18/32 MP: 8/17
  4751 | D:5      | Gained mutation: You have sharp toenails. [potion of
                  | mutation]
  4751 | D:5      | Gained mutation: You are somewhat resistant to further
                  | mutation. [potion of mutation]
  4779 | D:5      | Found a runed translucent door.
  5025 | D:5      | Found Xenes's General Store.
  5033 | D:5      | Noticed Duvessa
  5047 | D:5      | Noticed Dowan
  5075 | D:5      | Killed Duvessa
  5079 | D:5      | Killed Dowan
  5602 | D:5      | Identified the ring "Wilek" {rElec rC+ Str+2 Int+7 SInv}
  6059 | D:6      | Reached XP level 8. HP: 11/36 MP: 2/20
  7205 | D:7      | Found a staircase to the Ecumenical Temple.
  7215 | Temple   | Entered the Ecumenical Temple
  7299 | Temple   | Became a worshipper of Dithmenos the Shadowed
  7372 | D:7      | Found Xegiehoja's General Store.
  7382 | D:7      | Bought a scroll of brand weapon for 114 gold pieces
  7394 | D:7      | Found Naecelud's Book Shoppe.
  7402 | D:7      | Found Ehingonna's General Store.
  7533 | D:7      | Found a flagged portal.
  7548 | Bailey   | Entered a bailey
  7874 | Bailey   | Reached XP level 9. HP: 33/39 MP: 19/22
  7998 | Bailey   | Reached * piety under Dithmenos
  8104 | Bailey   | Noticed an orc knight
  8110 | Bailey   | Killed an orc knight
  8485 | Bailey   | Found an iron altar of Okawaru.
  8485 | Bailey   | Noticed an orc sorcerer
  8485 | Bailey   | Noticed a kobold demonologist
  8493 | Bailey   | Noticed a hellwing
  8494 | Bailey   | Noticed a sun demon
  8494 | Bailey   | Noticed a red devil
  8496 | Bailey   | Noticed a hellwing
  8497 | Bailey   | Noticed a rust devil
  8497 | Bailey   | Killed a kobold demonologist
  8498 | Bailey   | Mangled by a sun demon

Illustrated notes

Levels and vault maps discovered:
D:1:      sevenhm_arrival_forest_fort_small_4, layout_loops_ring, minivault_19
D:2:      layout_rooms, hellmonk_ecumenical_altar_lost_god
D:3:      layout_loops_corners, mainiacjoe_overflow_paths,
          gammafunk_ghost_abyssal_escape
D:4:      layout_cave_pools, nemelex_diamond_rough_becter, uniq_menkaure
D:5:      layout_basic, serial_shops, nicolae_square_shop,
          ebering_ghost_sewer_f, nicolae_concentric_dashed_squares_wild,
          st_stairs_12, uniq_duvessa
D:6:      layout_basic, chequers_serial_rivers_room_a
D:7:      layout_rooms, minmay_temple_entry_poolview, serial_shops, shop,
          nicolae_shop_trees, shop, lightli_bailey_entry_fortress
Temple:   eino_temple_rhombus
Bailey:   bailey_axe_of_yendor_kennysheep, bailey

Skill      XL: |  1  2  3  4  5  6  7  8  9 |
---------------+----------------------------+-----
Spellcasting   | 3 4 5 6 7 8 |  8.9
Hexes          | 4 5 6 7 8 9 |  9.3
Stealth        | 5 7 9 |  9.8
Short Blades   | 2 9 |  9.2
Dodging        | |  2.6

Action                   |  1- 3 |  4- 6 |  7- 9 || total
-------------------------+-------+-------+-------++-------
Melee: Dagger            |    68 |   191 |   192 ||   451
       Punch             |     2 |     2 |     1 ||     5
       Kick              |       |       |    41 ||    41
 Cast: Ensorcelled Hiber |     3 |    26 |    53 ||    82
       Confusing Touch   |       |     3 |     3 ||     6
       Tukima's Dance    |       |     2 |    14 ||    16
  Use: Potion            |     1 |     1 |     3 ||     5
       Scroll            |     4 |     9 |     5 ||    18
 Stab: Sleeping          |     9 |    23 |    51 ||    83
       Distracted        |       |     1 |       ||     1
       Confused          |       |     4 |     3 ||     7
Armor: Robe              |     8 |    30 |    33 ||    71
Dodge: Dodged            |    41 |   129 |   132 ||   302
Block: Other             |       |       |    24 ||    24

Table legend: (Time is in decaauts)
 A = Elapsed time spent in this place.
 B = Non-inter-level travel time spent in this place.
 C = Inter-level travel time spent in this place.
 D = Time resting spent in this place.
 E = Time spent auto-exploring this place.
 F = Levels seen in this place.
 G = Mean time per level.
                   A        B        C        D        E       F      G
               +--------+--------+--------+--------+--------+-----+--------+
         Total |   6557 |   6441 |    116 |    941 |   4077 |   9 |  728.6 |
       Dungeon |   5696 |   5590 |    106 |    582 |   3855 |   7 |  813.7 |
        Temple |     61 |     51 |     10 |      0 |     42 |   1 |   61.0 |
        Bailey |    799 |    799 |      0 |    359 |    179 |   1 |  799.0 |
               +--------+--------+--------+--------+--------+-----+--------+

Top non-repeatable levels by time:
     D:5: 1253 daAuts
     D:3: 1027 daAuts
     D:4: 1004 daAuts
     D:1: 983 daAuts
  Bailey: 799 daAuts
     D:6: 662 daAuts
     D:2: 551 daAuts
     D:7: 212 daAuts
  Temple: 61 daAuts
